 Dungeon Crawl Stone Soup version 0.26-a0-753-g4680b4fa2e (webtiles) character file.

Game seed: 9622652856561793354

49 Conn the Sneak (level 3, 0/21 HPs)
             Began as an Octopode Fire Elementalist on Nov 7, 2020.
             Succumbed to a gnoll's poison
             ... on level 2 of the Dungeon.
             The game lasted 00:04:17 (1217 turns).

Conn the Sneak (Octopode Fire Elementalist)         Turns: 1217, Time: 00:04:17

Health: 0/21       AC:  1    Str:  7    XL:     3   Next: 77%
Magic:  7/7        EV: 13    Int: 18    God:
Gold:   31         SH:  0    Dex: 12    Spells: 3/7 levels left

rFire    . . .     SeeInvis .   l - +0 short sword
rCold    . . .     Faith    .   (no shield)
rNeg     . . .     Spirit   .   (helmet restricted)
rPois    +         Reflect  .   (no amulet)
rElec    .         Harm     .   k - ring of poison resistance
rCorr    .         Rampage  .   p - +4 ring of slaying
MR       .....                  (no ring)
Stlth    +++.......             (no ring)
HPRegen  0.07/turn              (no ring)
MPRegen  0.10/turn              (no ring)
                                (no ring)
                                (no ring)

@: lethally poisoned (0 -> -16)
A: almost no armour, stealthy swim, amphibious, 8 rings, constrict 8, camouflage
1, gelatinous body 1
a: no special abilities


You were on level 2 of the Dungeon.
You visited 1 branch of the dungeon, and saw 2 of its levels.

You collected 31 gold pieces.

Inventory:

Hand Weapons
 a - a +0 dagger
 l - a +0 short sword (weapon)
Missiles
 m - 17 poisoned darts (quivered)
 q - 19 sling bullets
Jewellery
 k - a ring of poison resistance (left tentacle)
 p - a +4 ring of slaying (right tentacle)
Scrolls
 b - a scroll of blinking {unknown}
 c - a scroll of fear {unknown}
 d - a scroll of amnesia {unknown}
 f - 2 scrolls of teleportation {unknown}
 g - 2 scrolls of identify {unknown}
 h - a scroll of magic mapping {unknown}
 j - 2 scrolls of enchant armour {unknown}
Potions
 e - a potion of haste {unknown}
 i - a potion of cancellation {unknown}
 n - a potion of heal wounds {unknown}
 o - a potion of curing {unknown}


   Skills:
 + Level 2.1 Dodging
 + Level 3.5 Stealth
 * Level 2.7 Spellcasting
 * Level 1.7 Conjurations
 + Level 3.3 Fire Magic


You had 3 spell levels left.
You knew the following spells:

 Your Spells              Type           Power        Failure   Level
a - Foxfire               Conj/Fire      ##..         6%          1
b - Conjure Flame         Conj/Fire      ##......     19%         3

Your spell library contained the following spells:

 Spells                   Type           Power        Failure   Level
 Inner Flame              Hex/Fire       #.......     26%         3
 Sticky Flame             Conj/Fire      ##......     52%         4
 Fireball                 Conj/Fire      ##........   86%         5


Dungeon Overview and Level Annotations

Branches:
Dungeon (2/15)

Altars:


Innate Abilities, Weirdness & Mutations

You cannot wear most types of armour.
You are very stealthy in the water. (Stealth+)
You are amphibious.
You can wear up to eight rings at the same time.
You can use your tentacles to constrict eight enemies at once.
Your skin changes colour to match your surroundings (Stealth+).
Your rubbery body absorbs attacks. (AC +1, EV +1)


Message History

You climb downwards.
The gnoll shouts!
The gnoll drinks a potion.
The gnoll flickers and vanishes!
Deactivating autopickup; reactivate with Ctrl-A.
The gnoll hits you with a +1 whip of venom!
You are lethally poisoned!
The gnoll hits you.
There is a stone staircase leading up here.
Casting: Foxfire (safe; 6% risk of failure)
Confirm with . or Enter, or press ? or * to list all spells.
Okay, then.
Okay, then.
Okay, then.
Okay, then.
You feel sick.
You see here a bat corpse.
You feel sick. Something completely misses you.
You feel sick. Something hits you.
* * * LOW HITPOINT WARNING * * *
You die...

.#. .. .##. ..##.#
## .... .... .#
..... #..# ##.#
...).## #..#####(.#
...#...##.......@###
.....#..#...#......#
.................gg#
##.#..............†#
####....#.....<.#
#......#.(....#
.............<...#
.......#.....†....#
..g.....###.......#


You could see 2 gnolls.

Vanquished Creatures
  A dart slug (D:1)
  A leopard gecko (D:2)
  A ball python (D:1)
  5 bats
  3 giant cockroaches
  9 goblins
  3 hobgoblins
  6 jackals (D:1)
  2 frilled lizards (D:1)
  3 kobolds (D:1)
  6 rats
40 creatures vanquished.

Vanquished Creatures (collateral kills)
  A foxfire (D:1)
1 creature vanquished.

Vanquished Creatures (others)
  70 foxfires
70 creatures vanquished.

Grand Total: 111 creatures vanquished

Notes
Turn   | Place    | Note
-------+----------+-------------------------------------------
     0 | D:1      | Conn the Octopode Fire Elementalist began the quest for the
                  | Orb.
     0 | D:1      | Reached XP level 1. HP: 11/11 MP: 3/3
    98 | D:1      | Reached XP level 2. HP: 16/17 MP: 0/5
   579 | D:1      | Reached XP level 3. HP: 15/21 MP: 6/6
   656 | D:1      | Learned a level 3 spell: Conjure Flame
  1217 | D:2      | Succumbed to a gnoll's poison

Illustrated notes

Levels and vault maps discovered:
D:1:      dpeg_arrival_arbitrary_c, layout_rooms, serial_forest,
          infiniplex_forest_lined_corner, infiniplex_forest_lined_room_2,
          infiniplex_forest_straight_5, infiniplex_forest_straight_4,
          infiniplex_forest_clump_tiny, infiniplex_forest_end_2,
          infiniplex_forest_straight_3
D:2:      layout_rooms, marbit_many_paths,
          chequers_ecumenical_altar_simple_redux

Skill      XL: |  1  2 |
---------------+-------+-----
Stealth        | 3 |  3.5
Dodging        | |  2.1
Spellcasting   | |  2.7
Conjurations   | |  1.7
Fire Magic     | |  3.3

Action                   || total
-------------------------++-------
Melee: Dagger            ||    21
       Constrict         ||     5
       Tentacles         ||     1
       Short sword       ||     1
 Cast: Foxfire           ||    40
 Stab: Sleeping          ||     6
Armor: Skin              ||     6
Dodge: Dodged            ||    31

Table legend: (Time is in decaauts)
 A = Elapsed time spent in this place.
 B = Non-inter-level travel time spent in this place.
 C = Inter-level travel time spent in this place.
 D = Time resting spent in this place.
 E = Time spent auto-exploring this place.
 F = Levels seen in this place.
 G = Mean time per level.
                   A        B        C        D        E       F      G
               +--------+--------+--------+--------+--------+-----+--------+
         Total |   1215 |   1177 |     38 |    290 |    513 |   2 |  607.5 |
       Dungeon |   1215 |   1177 |     38 |    290 |    513 |   2 |  607.5 |
               +--------+--------+--------+--------+--------+-----+--------+

Top non-repeatable levels by time:
     D:1: 1161 daAuts
     D:2: 54 daAuts
